Map: Frozen Temple

Players

Pokebunny

  • Race: Terran Terran
  • League: Grandmaster

Raze - Winner!

  • Race: Terran Terran
  • League: Grandmaster

VOD

Have the link to the VOD?

Description

Time

  • Played on: April 4, 2016, 3:33 p.m.
  • Length: 5:48
Show
View Real Time Build Order
Export as new Build Order

Pokebunny Terran 

Build Orders: Reaper Expand 

Get SALT Encoding   

  12  0:00  SCV  
  13  0:13  SCV  
  14  0:17  Supply Depot  
  14  0:25  SCV  
  15  0:39  Barracks, SCV  
  16  0:45  Refinery  
  16  0:51  SCV  
  17  1:03  SCV  
  18  1:15  SCV  
  19  1:27  Orbital Command, Reaper  
  20  1:44  Command Center  
  20  1:50  Supply Depot  
  20  1:53  SCV  
  21  2:00  Marine  
  22  2:05  SCV  
  23  2:10  Factory  
  23  2:17  Refinery, SCV  
  23  2:18  Marine  
  25  2:29  SCV  
  26  2:36  Marine  
  27  2:41  SCV  
  28  2:54  Hellion, SCV  
  28  2:55  Starport  
  28  2:56  Marine  
  28  2:57  Orbital Command  
  31  3:06  SCV  
  31  3:13  Marine  
  32  3:20  Hellion  
  32  3:23  SCV  
  32  3:25  SCV  
  34  3:31  Marine, Medivac  
  37  3:47  Hellion  
  39  3:51  Barracks x2  
  39  3:53  SCV x2  
  40  3:58  Marine  
  40  4:10  SCV x2  
  40  4:13  Viking  
  35  4:36  SCV x2  
  31  4:39  Barracks Reactor x2, Barracks Tech Lab  
  28  4:57  SCV x2  
  30  5:05  Marine  
  31  5:11  SCV  
  31  5:13  SCV  
  33  5:18  Starport Reactor, Marine x2  
  33  5:20  Marine  
  36  5:25  Marine  
Show
View Real Time Build Order
Export as new Build Order

Raze Terran - Winner!

Build Orders: 1/1/1, Liberator Opening 

Get SALT Encoding   

  12  0:00  SCV  
  13  0:12  SCV  
  14  0:18  Supply Depot  
  14  0:25  SCV  
  15  0:29  Refinery  
  15  0:40  SCV  
  16  0:45  Barracks  
  16  0:52  SCV  
  17  1:04  SCV  
  18  1:05  Refinery  
  18  1:16  SCV  
  19  1:36  Orbital Command, Factory  
  19  1:40  Reaper  
  19  1:47  Supply Depot  
  20  2:04  SCV  
  20  2:12  Reaper  
  21  2:16  SCV  
  21  2:20  Hellion  
  21  2:21  Starport  
  24  2:28  SCV  
  25  2:30  Supply Depot  
  25  2:40  SCV  
  25  2:41  Hellion  
  25  2:42  Liberator  
  28  2:44  Reaper  
  29  2:52  SCV  
  30  3:03  Hellion  
  35  3:06  SCV  
  35  3:08  Supply Depot  
  36  3:19  Reaper  
  37  3:24  Hellion  
  39  3:29  SCV  
  39  3:31  Supply Depot  
  39  3:42  Starport Tech Lab  
  39  3:52  Command Center  
  39  3:54  SCV  
  39  3:55  Barracks Reactor  
  40  3:56  Factory Tech Lab  
  40  4:04  Cloaking Field  
  40  4:06  SCV  
  41  4:12  Banshee  
  44  4:18  SCV  
  45  4:30  SCV  
  45  4:35  Marine  
  45  4:36  Siege Tank, Marine  
  40  4:42  SCV  
  41  4:53  Marine x2  
  41  4:54  Banshee  
  41  4:57  SCV  
  47  5:04  Orbital Command  
  44  5:08  Siege Tank  
  44  5:11  SCV  
  44  5:13  Marine x2  
  50  5:21  Refinery  
  50  5:22  Barracks  
  50  5:23  SCV  
  50  5:26  Engineering Bay  
  50  5:35  SCV  
Tags
 
Add a new tag
Caveats
  • Supply blocks, unpowered buildings, or Contaminate may cause inaccurate times.
  • Supply counts are checked every 10 seconds.